 Seeded DCSS version 0.29.1-15-g9cfb28693d (webtiles) character file.

Game seed: 1 (custom seed)

52 Kazon the Slasher (level 3, 0/34 HPs)
             Began as a Naga Berserker on Mar 24, 2023.
             Was a Believer of Trog.
             Succumbed to a kobold's poison
             ... on level 2 of the Dungeon.
             The game lasted 00:05:05 (1687 turns).

Kazon the Slasher (Naga Berserker)                  Turns: 1687, Time: 00:05:05

Health: 0/34       AC:  3    Str: 19    XL:     3   Next: 85%
Magic:  3/3        EV: 10    Int:  9    God:    Trog [**....]
Gold:   180        SH:  0    Dex: 10    Spells: 2/2 levels left

rFire   . . .      SeeInvis +   c - +0 great sword (vamp)
rCold   . . .      Faith    .   (shield currently unavailable)
rNeg    . . .      Spirit   .   k - +0 animal skin
rPois   +          Reflect  .   j - +0 helmet
rElec   .          Harm     .   (no cloak)
rCorr   .          Rampage  .   (no gloves)
Will    .....                   (no barding)
Stlth   +.........              d - amulet of the acrobat
HPRegen 0.11/turn               (no ring)
MPRegen 0.08/turn               (no ring)

@: lethally poisoned (0 -> -10), very slow
A: AC +1, large, see invisible, deformed body, poison resistance, slowness 2,
spit poison 1, naga tail 1
a: Spit Poison, Renounce Religion, Berserk, Trog's Hand


You were on level 2 of the Dungeon.
You worshipped Trog.
Trog was pleased with you.
You visited 1 branch of the dungeon, and saw 2 of its levels.

You collected 180 gold pieces.

Inventory:

Hand Weapons
 a - a +0 falchion
 c - a +0 vampiric great sword (weapon)
Missiles
 i - 8 stones (quivered)
Armour
 j - a +0 helmet (worn)
 k - a +0 animal skin (worn)
Jewellery
 d - an amulet of the acrobat (around neck)
Scrolls
 h - 2 scrolls of identify {unknown}
 l - a scroll of immolation {unknown}
Potions
 b - a potion of berserk rage {unknown}
 e - a potion of haste {unknown}
 f - a potion of flight {unknown}
 g - a potion of attraction {unknown}


   Skills:
 + Level 3.3 Fighting
 + Level 3.9 Long Blades
 + Level 1.6 Armour
 + Level 2.1 Dodging
 + Level 0.7 Stealth


You had 2 spell levels left.
You didn't know any spells.
Your spell library was empty.

Dungeon Overview and Level Annotations

Branches:
Dungeon (2/15)

Altars:


Innate Abilities, Weirdness & Mutations

Your serpentine skin is tough. (AC +1)
You have supernaturally acute eyesight. (SInv)
Armour fits poorly on your strangely shaped body.
Your system is resistant to poisons. (rPois)
You cover ground very slowly.
You can spit poison.
You have a snake-like lower body.


Message History

The hobgoblin hits you but does no damage.
You barely miss the hobgoblin.
The hobgoblin is almost dead.
The hobgoblin barely misses you. x2
You barely miss the hobgoblin.
The hobgoblin is almost dead.
The hobgoblin hits you but does no damage.
You hit the hobgoblin.
You feel better.
You kill the hobgoblin!
Trog accepts your kill.
The kobold hits you with a +2 dagger of venom.
You barely miss the kobold.
The kobold hits you with a +2 dagger of venom.
You hit the kobold.
The kobold is severely wounded.
The kobold hits you with a +2 dagger of venom. x2
You closely miss the kobold.
The kobold is severely wounded.
The kobold hits you with a +2 dagger of venom.
You barely miss the kobold.
The kobold is severely wounded.
The kobold hits you with a +2 dagger of venom.
You are poisoned.
The kobold barely misses you.
You closely miss the kobold.
The kobold is severely wounded.
You feel very sick. The kobold hits you but does no damage.
You are lethally poisoned!
You closely miss the kobold.
The kobold is severely wounded.
* * * LOW HITPOINT WARNING * * *
You feel very sick.
The kobold hits you with a +2 dagger of venom.
* * * LOW HITPOINT WARNING * * *
The kobold hits you but does no damage.
You slash the kobold!
You kill the kobold!
Trog accepts your kill.
You die...

########
....)..###########
######..........:#
#)>########@#
#......# #)#
##.###.# #.# #.#
#.# #[# #.# #..
#.# #.# #.# .# #.#


There were no monsters in sight!

Vanquished Creatures
  2 adders (D:2)
  A worm (D:2)
  5 endoplasms
  A giant cockroach (D:1)
  6 goblins
  4 hobgoblins
  3 kobolds
  A quokka (D:1)
  A ball python (D:2)
  2 bats
  A frilled lizard (D:2)
  3 rats (D:1)
30 creatures vanquished.

Notes
Turn   | Place    | Note
-------+----------+-------------------------------------------
     0 | D:1      | Kazon the Naga Berserker began the quest for the Orb.
     0 | D:1      | Reached XP level 1. HP: 21/21 MP: 1/1
    32 | D:1      | Identified a scroll of acquirement
    32 | D:1      | Acquired a +0 vampiric great sword
   227 | D:1      | Reached XP level 2. HP: 17/28 MP: 2/2
  1130 | D:2      | Reached XP level 3. HP: 21/34 MP: 3/3
  1662 | D:2      | Reached ** piety under Trog
  1687 | D:2      | Succumbed to a kobold's poison

Illustrated notes

Levels and vault maps discovered:
D:1:      dpeg_arrival_three_smaller_balls, layout_basic
D:2:      layout_loops_ring

Skill      XL: |  1  2 |
---------------+-------+-----
Dodging        | 2 |  2.1
Fighting       | |  3.3
Long Blades    | |  3.9
Armour         | |  1.6
Stealth        | |  0.7

Action                   || total
-------------------------++-------
Melee: Great sword       ||    72
Throw: Stone             ||     4
 Abil: Spit Poison       ||    15
  Use: Scroll            ||     1
 Stab: Sleeping          ||     1
Armor: Animal skin       ||    19
Dodge: Dodged            ||    52
